Cogmind - Beta 13 @@@ ROGUE MODE // 2024.04.06 @ 18:33:21 Player: Iris Result: Self-destructed Performance ------------- Evolutions (1) 500 Regions Visited (2) 400 Robots Destroyed (16) 80 Value Destroyed (399) 399 Prototype IDs (0) 0 Alien Tech Used (0) 0 Bonus (0) 0 TOTAL SCORE: 1379 Bonus ------- None Cogmind --------- Core Integrity 347/400 Matter 219/300 Energy 100/100 System Corruption 0% Temperature Cool (0) Movement Walking (120) Location -9/Materials Parts ------- > --- POWER (1) -------- (None) > --- PROPULSION (2) --- Improved Aluminum Leg Wheel > --- UTILITY (4) ------ Sensor Array Signal Interpreter Transport Network Coupler > --- WEAPON (2) ------- Particle Gun > --- INVENTORY (5) ---- Light Ion Engine Aluminum Leg Signal Interpreter Assault Rifle Peak State ------------ > --- POWER ------------ Light Ion Engine > --- PROPULSION ------- Improved Aluminum Leg Wheel > --- UTILITY ---------- Sensor Array Signal Interpreter Transport Network Coupler > --- WEAPON ----------- Particle Gun Grenade Launcher > --- INVENTORY -------- Light Ion Engine Aluminum Leg Signal Interpreter Assault Rifle [Rating: 10] Favorites ----------- Power Ion Engine Engine Ion Engine Propulsion Aluminum Leg Leg Aluminum Leg Wheel Wheel Utility Signal Interpreter Device Sensor Array Storage Small Storage Unit Processor Signal Interpreter Weapon Particle Gun Energy Gun Particle Gun Ballistic Gun Assault Rifle Launcher Grenade Launcher Build | -11 -10 -9 ------- Run | Yrd Mat Mat Slots Evolved 2 | . . 2 Power . | . . . Propulsion . | . . . Utility 2 | . . 2 Weapon . | . . . Parts Attached 16 | 5 9 2 Power 3 | 1 2 . Engine 3 | 1 2 . Core . | . . . Reactor . | . . . Propulsion 5 | 2 2 1 Treads . | . . . Leg 4 | 2 1 1 Wheel 1 | . 1 . Hover . | . . . Flight . | . . . Utility 4 | 1 2 1 Device 1 | . 1 . Storage 1 | 1 . . Processor 2 | . 1 1 Hackware . | . . . Protection . | . . . Artifact . | . . . Weapon 4 | 1 3 . Energy Gun 2 | . 2 . Energy Cannon . | . . . Ballistic Gun 1 | 1 . . Ballistic Cannon . | . . . Launcher 1 | . 1 . Special Weapon . | . . . Impact Weapon . | . . . Slashing Weapon . | . . . Piercing Weapon . | . . . Special Melee Weapon . | . . . Unidentified Prototypes . | . . . Parts Lost 4 | . 2 2 Power 2 | . 1 1 Propulsion 1 | . 1 . Utility . | . . . Weapon 1 | . . 1 Highest Loss Streak 2 | . 2 2 To Critical Strikes . | . . . Average Slot Usage (%) 89 | . 92 83 Engine 12 | . 13 10 Leg 20 | . 25 9 Wheel 4 | . . 11 Device 8 | . 7 11 Storage 4 | . 6 . Processor 14 | . 10 22 Energy Gun 12 | . 12 11 Ballistic Gun 1 | . 2 . Launcher 10 | . 11 9 Naked Turns . | . . . Heaviest Build 16 | 12 16 10 Greatest Support 20 | 20 20 13 Greatest Overweight (x) 2 | 2 1 . Average Overweight (x) . | . . . Largest Inventory Capacity 8 | 8 8 5 Average Capacity 5 | 6 6 5 Most Carried 6 | 2 6 4 Average Carried 3 | . 4 4 Final Capacity 8 | 8 5 5 Final Carried 5 | 2 5 4 Class Distribution -------------------- 75% | Mutant 24% | Skirmisher Dominant Class ---------------- Mutant | -10/Materials Skirmisher | -9/Materials Resources | -11 -10 -9 ----------- Run | Yrd Mat Mat Matter Collected 426 | 195 215 16 Remotely . | . . . Salvage Created 381 | . 313 68 Parts 28 | . 23 5 Haulers Intercepted 1 | . 1 . Recyclers Shooed 1 | . 1 . Parts Field Recycled . | . . . Retrieved Matter . | . . . Parts Self-Destructed . | . . . Prevented . | . . . Kills | -11 -10 -9 ------- Run | Yrd Mat Mat Combat Hostiles Destroyed 14 | . 13 1 Guns 5 | . 4 1 AOE 9 | . 9 . Classes Destroyed 4 | . 3 1 Hauler 1 | . 1 . Watcher 1 | . . 1 Swarmer 6 | . 6 . Grunt 8 | . 7 1 Best Kill Streak 7 | . 7 1 Combat Bots Only 7 | . 7 1 Max Kills in Single Turn 4 | . 4 1 Gunslinging . | . . . Exploded 3 | . 3 . Melee . | . . . Uniques/NPCs Destroyed . | . . . Combat | -11 -10 -9 -------- Run | Yrd Mat Mat Hostile Shots Fired 88 | . 77 11 Missed 35 | . 33 2 Damage Taken 646 | . 516 130 Core 220 | . 167 53 Absorbed by Shields . | . . . Core Remaining (%) 66 | 100 33 . Volleys Fired 31 | . 23 8 Largest 2 | . 2 2 Hottest 95 | . 95 95 Shots Fired 45 | . 36 9 Gun 31 | . 23 8 Cannon . | . . . Launcher 14 | . 13 1 Special . | . . . Kinetic 9 | . 9 . Thermal 22 | . 14 8 Explosive 14 | . 13 1 Electromagnetic . | . . . Robot Hit Streak 4 | . 4 1 Robot Miss Streak 4 | . 3 4 Penetration Max . | . . . Secondary Targets . | . . . Shots Hit Robots 17 | . 15 2 Core Hits 26 | . 24 2 Critical Kills . | . . . Critical Parts Destroyed . | . . . Critical Strikes . | . . . Melee Attacks . | . . . Impact . | . . . Slashing . | . . . Piercing . | . . . Sneak Attacks . | . . . Combat Hostiles . | . . . Follow-up Attacks . | . . . Damage Inflicted 852 | . 820 32 Guns 268 | . 236 32 Cannons . | . . . Explosions 584 | . 584 . Melee . | . . . Ramming . | . . . Kinetic 90 | . 90 . Thermal 178 | . 146 32 Explosive 584 | . 584 . Electromagnetic . | . . . Impact . | . . . Slashing . | . . . Piercing . | . . . Highest Corruption . | . . . Average Corruption . | . . . Corruption Purged . | . . . Corruption Blocked . | . . . Overload Shots . | . . . Overflow Damage . | . . . Projectiles . | . . . Explosions . | . . . Melee . | . . . Knockbacks . | . . . Impact . | . . . Kinetic . | . . . Secondary . | . . . Self-Inflicted Damage 91 | . 91 . Shots 3 | . 3 . Rammed . | . . . Targets Rammed . | . . . Kicked . | . . . Crushed . | . . . Highest Temperature 174 | . 174 54 Average Temperature 50 | . 60 20 Received Heat Transfer 150 | . 108 42 Siege Activations . | . . . Robots Corrupted . | . . . Combat Hostiles . | . . . Parts Fried . | . . . Impact Corruptions . | . . . Robots Melted . | . . . Combat Hostiles . | . . . Parts Melted . | . . . Heat Transferred 407 | . 333 74 Parts Sabotaged . | . . . Parts Stolen . | . . . Parts Stripped . | . . . Power Chain Reactions . | . . . Alert | -11 -10 -9 ------- Run | Yrd Mat Mat Peak Influence 297 | . 297 154 Initial 110 | . . 110 Average 131 | . 165 124 Maximum Alert Level 1 | . 1 . Low Security (%) 68 | 100 47 100 Level 1 31 | . 52 . Level 2 . | . . . Level 3 . | . . . Level 4 . | . . . Level 5 . | . . . High Security . | . . . Max Security . | . . . Squads Dispatched 2 | . 1 1 Investigation . | . . . Extermination . | . . . Reinforcement 2 | . 1 1 Assault . | . . . Garrison . | . . . Intercept . | . . . Searches Triggered . | . . . Construction Impeded . | . . . Haulers Reinforced . | . . . Active Scanning Responses . | . . . Cargo Convoy Interrupts . | . . . Stealth | -11 -10 -9 --------- Run | Yrd Mat Mat Distress Signals 1 | . . 1 Communications Jammed . | . . . Distress Signals . | . . . Times Spotted 29 | . 23 6 Peak Tracking Total 7 | . 7 2 Tactical Retreats 2 | . 2 . Traps | -11 -10 -9 ------- Run | Yrd Mat Mat Traps Triggered . | . . . Indirectly . | . . . Trap Hack Attempts . | . . . Triggered . | . . . Disarmed . | . . . Reprogrammed . | . . . Reused . | . . . Traps Extracted . | . . . Installed . | . . . Triggered . | . . . Machines | -11 -10 -9 ---------- Run | Yrd Mat Mat Machines Disabled 1 | . 1 . Max in Single Turn 1 | . 1 . Machines Repaired . | . . . Machines Dismantled . | . . . Machines Sabotaged . | . . . Overloaded Fab Kills . | . . . Hacking | -11 -10 -9 --------- Run | Yrd Mat Mat Machines Accessed 3 | . 2 1 Terminals 3 | . 2 1 Fabricators . | . . . Repair Stations . | . . . Recycling Units . | . . . Scanalyzers . | . . . Garrison Access . | . . . Total Hacks 9 | . 7 2 Successful 4 | . 4 . Failed 5 | . 3 2 Catastrophic 2 | . 1 1 Database Lockouts . | . . . Manual 4 | . 2 2 Terminals 9 | . 7 2 Fabricators . | . . . Repair Stations . | . . . Recycling Units . | . . . Scanalyzers . | . . . Garrison Access . | . . . Terminal Hacks 4 | . 4 . Dispatch Records 1 | . 1 . Maintenance Status 1 | . 1 . Transport Status 1 | . 1 . Reinforcement Status 1 | . 1 . Fabricator Hacks . | . . . Repair Station Hacks . | . . . Recycling Unit Hacks . | . . . Scanalyzer . | . . . Garrison Access Hacks . | . . . Unauthorized Hacks . | . . . Terminals . | . . . Fabricators . | . . . Repair Stations . | . . . Recycling Units . | . . . Scanalyzers . | . . . Garrison Access . | . . . Data Cores Recovered . | . . . Used . | . . . Hacking Detections 2 | . 1 1 Full Trace Events 1 | . . 1 Feedback Events . | . . . Feedback Blocked . | . . . Robot Schematics Acquired . | . . . Robots Built . | . . . Authchips . | . . . Time . | . . . Total Robot Build Rating . | . . . Part Schematics Acquired . | . . . Parts Built . | . . . Authchips . | . . . Time . | . . . Total Part Build Rating . | . . . Parts Repaired . | . . . Time . | . . . Parts Recycled . | . . . Recycled Matter . | . . . Retrieved Matter . | . . . Retrieved Components . | . . . Parts Scanalyzed . | . . . Part Schematics Acquired . | . . . Parts Damaged . | . . . Bothacking | -11 -10 -9 ------------ Run | Yrd Mat Mat Used RIF Installer . | . . . Robots Hacked . | . . . Non-combat . | . . . Combat . | . . . Robot Hacks Applied . | . . . Relay Couplers Released . | . . . Fabnet Peak Effective % . | . . . Robots Rewired . | . . . Allies Hacked . | . . . Hacks Repelled . | . . . Allies | -11 -10 -9 -------- Run | Yrd Mat Mat Total Allies . | . . . Largest Group . | . . . Highest-Rated Group . | . . . Highest-Rated Ally . | . . . Total Orders . | . . . Ally Attacks . | . . . Total Damage . | . . . Kills . | . . . Allies Corrupted . | . . . Allies Melted . | . . . Intel | -11 -10 -9 ------- Run | Yrd Mat Mat Robot Analysis Total . | . . . Derelict Logs Recovered . | . . . Drone Launches . | . . . Drone Recoveries . | . . . Exploration | -11 -10 -9 ------------- Run | Yrd Mat Mat Turns Passed 839 | 118 497 224 Spaces Moved 637 | 91 362 184 Core 12 | 12 . . Treads . | . . . Legs 538 | 79 318 141 Wheels 87 | . 44 43 Hover . | . . . Flight . | . . . Fastest Speed 50 | 50 80 80 Average Speed 114 | 119 115 110 Slowest Speed 190 | 150 190 120 Overloaded Moves . | . . . Propulsion Burnouts . | . . . Robots Hopped . | . . . Cave-ins Triggered . | . . . Exploration Rate (%) 28 | 5 64 16 Regions Visited 2 Branch Regions . Pre-discovered Areas . | . . . Known Exits Taken 1 | . 1 . Unknown Exits Taken 1 | 1 . . Scrap Searched . | . . . Spaces Dug 3 | . 3 . Terrain Destroyed 84 | . 77 7 Melee . | . . . Projectile . | . . . AOE 84 | . 77 7 Terrain Rammed . | . . . Walls Destroyed . | . . . Machines Disabled . | . . . Actions | -11 -10 -9 --------- Run | Yrd Mat Mat Total 696 | 97 405 194 Wait . | . . . Move 635 | 90 361 184 Hop . | . . . Pick Up 6 | 2 4 . Fast Attach 13 | 5 7 1 Attach 3 | . 2 1 Detach 4 | . 4 . Swap . | . . . Drop 4 | . 4 . Fire 31 | . 23 8 Melee . | . . . Ram . | . . . Kick . | . . . Crush . | . . . Escape Stasis . | . . . Rewire . | . . . Trap . | . . . Miscellaneous . | . . . Route ------- -11/Scrapyard -10/Materials (discovered 2 exits: *Mat x2) -9/Materials History --------- Turn | Location | Event 6 | -11/Scrapyard | Discovered new exit (range 16) 119 | -11/Scrapyard | Entered Materials 313 | -10/Materials | Build established: Mutant 315 | -10/Materials | Discovered new exit (range 15) 332 | -10/Materials | Identified exit to Materials 399 | -10/Materials | Discovered exit to Materials (range 15) 500 | -10/Materials | Derelicts attacked the area 546 | -10/Materials | Core integrity fell below 50% 574 | -10/Materials | Destroyed 7 combat bots 616 | -10/Materials | Entered another Materials area 616 | -9/Materials | Evolved 2 slots: Utility x2 840 | -9/Materials | Self-destructed Last Messages --------------- GOAL=ESCAPE 00623_ Connecting with Terminal... 00652_ Acquired Imp. Aluminum Leg. 00659_ O-16 Technician: "IFF HANDSHAKE FAILED. SECURING TERMINAL." 00665_ ALERT: Hostiles spotted, dispatching reinforcements to Terminal M002. 00752_ G-34 Mercenary destroyed. 00755_ U-05 Engineer lays Concrete. 00790_ U-05 Engineer builds a Wall. 00791_ U-05 Engineer lays Concrete. 00792_ U-05 Engineer builds a Wall. 00794_ W-16 Scout sends out distress signal. 00797_ Acquired 16 matter. 00800_ W-16 Scout destroyed. 00806_ Grenade Launcher destroyed. 00813_ R-06 Scavenger collects Sensor Array. 00817_ R-06 Scavenger collects Visual Processing Unit. 00830_ Lgt. Ion Engine destroyed. Map ----- +----------------------------------------------------+ | | | | | | | | | ???????????????????????????????????????????????? | | ???????????????????????????????????????????????? | | ???????????????????????????????????????????????? | | ???????????????????????????????????######??????? | | ??????????????????????????????????# ??????? | | ??????????????????????????????????# """ ??????? | | ??????????????????????##########??# """"" #???? | | ??????????????????????# #??# """"" #???? | | ??????????????????????# #??# """"" #???? | | ??????????????????????# #### """ #???? | | ??????????????????????# # # #???? | | ??????????????????????# # # #???? | | ??????????????????????# + + #???? | | ??????????????????????# # ##########???? | | ??????????????????????# # # """ #?????? | | ??????????????????????# # # """ #?????? | | ???????????????????#########+### # """ #?????? | | ???????????????????# ## ### + #?????? | | ???????????????????#! # # #?????? | | ???????????????????# """ # # #?????? | | ???????????????????# """ # ########+####?????? | | ???????????????????# """@# # # #????????? | | ???????????????????# + + # ########## | | ?????????????????########## # "" # ## # | | ?????????????????# !! ?# # "T # ## ! # | | ????????????????## !! ?# # "" ! # ## # | | ????????????????# X! # # # ## ? | | ?????????????????# # ######## ## """ ? | | ?????????????????# x + # """"" ? | | ?????????????????#""" # + """"" ? | | ?????????????????#""" ###### ### # """""?? | | ?????????????????#""" ??????# #?# # """ ?? | | ?????????????????# ??????# #?# # ?? | | ?????????????????#######???????# #?# # ? | | ???????????????????????????????# ###+######### | | ???????????????????????????????# ## #?? | | ???????????????????????????????# ## """ #?? | | ???????????????????????????????# ## """ #?? | | ???????????????????????????????# ## """ #?? | | ?????????????????????????????? # ## #?? | | ?????????????????????????????? #= ## """ #?? | | ????????????????????????????? #% ## """ #?? | | ?????????????????????????????? # ## """ #?? | | ??????????????????????????????## ## #?? | | ????????????????????? ####### ###+######?? | | ????????????????????? #???? | +----------------------------------------------------+ Best States ------------- Heat Dissipation 28 Energy Generation 10 Energy Capacity 250 Matter Stores 252 Matter Capacity 300 Sight Range 16 Robot Scan Range 14 Terrain Scan Density 10 Evasion (%) 55 Item Schematics ----------------- None Robot Schematics ------------------ None Fabricated ------------ Nothing Alien Tech Used ----------------- None Achievements -------------- None Challenges ------------ None Game ------ Seed RocketDecoyCarapace Manual? 0 Play Time 00:07:56 Cumulative 10.4 hours Start 2024.04.06 @ 18:26:43 End 2024.04.06 @ 18:33:21 Sessions 1 Manual Loads 0 Difficulty Rogue Special Mode None Game No. 31 Rogue 31 Adventurer 0 Explorer 0 Win Type - Total 0 Types 0/0/0/0/0/0/0/0/0 Lore% 13 Gallery% 20 Achievement% 17 Wizard Run 0 Options --------- Layout 2 ASCII 0 Keyboard 1 Movement Arrows Keybinds 0 Fullscreen 2 Font 32/SmallcapsGlow Map View 50x44 Zoom Use 0% Tactical HUD 1 Map Filters NONE Filters NONE Steam 1 RUN: 1ad5eddd-8857-40fa-8ef0-53982f9b78f1